 Dungeon Crawl Stone Soup version 0.29.1-2-gbd0b4ee654 (webtiles) character file.

Game seed: 15405790557411112749

2020 boopmooplesden the Basher (level 9, -1/78 HPs)
             Began as a Minotaur Fighter on Nov 1, 2022.
             Was an Initiate of Trog.
             Succumbed to a killer bee's poison
             ... on level 8 of the Dungeon.
             The game lasted 00:08:58 (7192 turns).

boopmooplesden the Basher (Minotaur Fighter)        Turns: 7192, Time: 00:08:59

Health: -1/78      AC: 12    Str: 21    XL:     9   Next: 3%
Magic:  8/8        EV: 23    Int:  5    God:    Trog [......]
Gold:   410        SH:  5    Dex: 14    Spells: 8/8 levels left

rFire   + + .      SeeInvis +   d - +5 flail (holy)
rCold   + . .      Faith    .   c - +0 buckler
rNeg    . . .      Spirit   .   n - +1 chain mail
rPois   .          Reflect  .   (helmet restricted)
rElec   +          Harm     .   A - scarf {rC+ rF+}
rCorr   .          Rampage  +   (no gloves)
Will    .....                   (no boots)
Stlth   ..........              q - amulet of Jaesaig {Acrobat Rampage Fragile rElec SInv}
HPRegen 0.23/turn               b - ring of protection from fire
MPRegen 0.11/turn               (no ring)

@: lethally poisoned (-1 -> -18), acrobatic
A: horns 2, retaliatory headbutt
a: Renounce Religion


You were on level 8 of the Dungeon.
You worshipped Trog.
Trog was noncommittal.
You visited 2 branches of the dungeon, and saw 10 of its levels.
You also visited: Ossuary.

You collected 410 gold pieces.

Inventory:

Hand Weapons
 a - a +0 long sword
 d - a +5 flail of holy wrath (weapon)
 u - a +2 hammer of protection
Missiles
 x - 3 boomerangs (quivered)
 J - 4 javelins
Armour
 c - a +0 buckler (worn)
 g - a +0 cloak
 n - a +1 chain mail (worn)
 A - a scarf of resistance (worn)
Jewellery
 b - a ring of protection from fire (left hand)
 f - a +6 ring of intelligence
 j - a ring of see invisible
 q - the amulet of Jaesaig (around neck) {Acrobat Rampage Fragile rElec SInv}
   (You found it on level 2 of the Dungeon)

   [amulet of the acrobat]

   It increases your evasion while moving and waiting.
   rElec:     It insulates you from electricity.
   SInv:      It lets you see invisible.
   Fragile:   It will be destroyed if unequipped.
   Rampage:   It bestows one free step when moving towards enemies.
Wands
 t - a wand of digging (9)
 E - a wand of flame (25)
Scrolls
 e - a scroll of enchant armour
 o - 2 scrolls of amnesia
 r - 4 scrolls of teleportation
 v - 4 scrolls of magic mapping
 w - a scroll of fear
 y - a scroll of enchant weapon
 F - 4 scrolls of identify
Potions
 h - a potion of invisibility {unknown}
 i - 2 potions of cancellation {unknown}
 k - a potion of ambrosia {unknown}
 l - 2 potions of degeneration {unknown}
 m - 4 potions of curing
 p - 2 potions of might
 s - 2 potions of brilliance {unknown}
 z - 4 potions of attraction {unknown}
 B - 2 potions of magic {unknown}
 G - 2 potions of heal wounds {unknown}
 H - a potion of flight {unknown}


   Skills:
 + Level 6.8 Fighting
 + Level 3.2 Long Blades
 + Level 9.1 Maces & Flails
 + Level 8.4 Armour
 + Level 2.0 Dodging
 + Level 0.2 Stealth
 + Level 5.1 Shields


You had 8 spell levels left.
You didn't know any spells.
Your spell library contained the following spells:

 Spells                   Type           Power      Damage    Failure   Level
 Magic Dart               Conj           0%         1d3       99%         1
 Sandblast                Erth           0%         2d4       99%         1
 Call Imp                 Summ           0%         N/A       100%        2
 Passwall                 Tmut/Erth      0%         N/A       100%        2
 Mephitic Cloud           Conj/Pois/Air  0%         N/A       100%        3
 Stone Arrow              Conj/Erth      0%         3d7       100%        3
 Tukima's Dance           Hex            0%         N/A       100%        3
 Passage of Golubria      Tloc           0%         N/A       100%        4
 Fireball                 Conj/Fire      0%         3d3       100%        5
 Summon Forest            Summ/Tloc      0%         N/A       100%        5
 Yara's Violent Unravell  Hex/Tmut       0%         3d3       100%        5
 Eringya's Noxious Bog    Tmut/Pois      0%         N/A       100%        6
 Starburst                Conj/Fire      0%         6d3       100%        6
 Summon Hydra             Summ           0%         N/A       100%        7
 Ignition                 Fire           0%         3d3       100%        8


Dungeon Overview and Level Annotations

Branches:
Dungeon (9/15)             Temple (1/1) D:7             Orc (0/2) D:9
Ossuary (visited)
   Lair: D:8-11

Altars:
Ashenzari
Cheibriados
Dithmenos
Elyvilon
Gozag
Hepliaklqana
Kikubaaqudgha
Makhleb
Nemelex Xobeh
Qazlal
Ru
Sif Muna
Trog
Uskayaw
Vehumet
Wu Jian
Xom
Yredelemnul
Zin
The Shining One

Shops:
D:6 *


Innate Abilities, Weirdness & Mutations

You have a pair of horns on your head.
You reflexively headbutt those who attack you in melee.


Message History

The killer bee stings you.
You have reached level 9!
Your experience leads to an increase in your attributes!
Increase (S)trength, (I)ntelligence, or (D)exterity?
You feel agile. x2
Unknown command.
You barely miss the killer bee. Your headbutt misses the killer bee.
You block the killer bee's attack. x2
You barely miss the killer bee. The killer bee stings you.
You are poisoned.
The killer bee poisons you! You block the killer bee's attack.
You sock the killer bee!
The killer bee is almost dead.
You feel sick. The killer bee stings you. The killer bee barely misses you.
You furiously retaliate!
You headbutt the killer bee.
You kill the killer bee!
Trog accepts your kill.
You rampage towards the killer bee!
You miss the killer bee.
You feel sick.
The killer bee stings you but does no damage. x2
You block the killer bee's attack.
You miss the killer bee. Your headbutt misses the killer bee.
You feel sick. The killer bee barely misses you.
You block the killer bee's attack. x2
The killer bee stings you.
You are more poisoned.
The killer bee poisons you!
You sock the killer bee! Your headbutt misses the killer bee.
The killer bee is heavily wounded.
You feel very sick. The killer bee stings you!
* * * LOW HITPOINT WARNING * * *
The killer bee stings you.
* * * LOW HITPOINT WARNING * * *
You are more poisoned.
The killer bee poisons you! The killer bee completely misses you.
The killer bee stings you but does no damage.
The killer bee attacks as you move away!
The killer bee stings you.
* * * LOW HITPOINT WARNING * * *
You are no longer corroded.
You die...

#.♣ #.♣ #.♣
#.♣.≈≈...
#.♣.≈≈._.
#.♣.≈≈...
#.♣.≈.≈≈≈
#@♣.≈....
#†♣..≈≈≈≈
#yy♣♣♣♣♣♣♣♣♣
#o.)....o..#
##.>........
#..$..(...#
#..........
#..........
#.........#


You could see 2 killer bees and an orc wizard.

Vanquished Creatures
  Sigmund (D:6)
  An ice beast (D:6)
  An orc warrior (D:7)
  2 ogres
  A phantom (D:6)
  A kobold brigand (D:7)
  2 elf zombies (Ossuary)
  A scorpion (D:6)
  3 wights (D:7)
  A troll zombie (Ossuary)
  2 killer bees (D:8)
  A howler monkey (D:5)
  2 jellies (D:6)
  4 hounds
  Crazy Yiuf (D:2)
  3 orc priests
  Terence (D:2)
  An iguana (D:6)
  4 orc wizards
  4 ogre zombies (Ossuary)
  7 mummies (Ossuary)
  3 gnolls (D:5)
  6 adders
  A white imp (D:5)
  4 adder zombies (Ossuary)
  2 worms
  18 orcs
  8 ball pythons
  9 endoplasms
  3 giant cockroaches
  A gnoll zombie (Ossuary)
  8 goblins
  A hobgoblin (D:1)
  5 jackals (D:1)
  4 quokkas
  4 bats
  4 frilled lizards
  2 goblin zombies (Ossuary)
  5 hobgoblin zombies (Ossuary)
  13 kobolds
  2 kobold zombies (Ossuary)
  An orc zombie (Ossuary)
  A quokka zombie (Ossuary)
  4 rats
  6 rat zombies (Ossuary)
159 creatures vanquished.

Vanquished Creatures (others)
  3 withered plants (D:1)
3 creatures vanquished.

Grand Total: 162 creatures vanquished

Notes
Turn   | Place    | Note
-------+----------+-------------------------------------------
     0 | D:1      | boopmooplesden the Minotaur Fighter began the quest for the
                  | Orb.
     0 | D:1      | Reached XP level 1. HP: 19/19 MP: 0/0
    10 | D:1      | Found a faded altar of an unknown god.
   177 | D:1      | Reached XP level 2. HP: 25/27 MP: 1/1
   758 | D:2      | Noticed Terence
   762 | D:2      | Killed Terence
   763 | D:2      | Reached XP level 3. HP: 32/33 MP: 2/2
   830 | D:2      | Reached XP level 4. HP: 29/40 MP: 3/3
  1248 | D:2      | Identified the amulet of Jaesaig {Acrobat Rampage Fragile
                  | rElec SInv}
  1265 | D:2      | Reached skill level 1 in Maces & Flails
  1442 | D:2      | Found a runed translucent door.
  1443 | D:2      | Noticed Crazy Yiuf
  1666 | D:2      | Killed Crazy Yiuf
  1866 | D:3      | Reached skill level 2 in Maces & Flails
  1866 | D:3      | Reached skill level 5 in Armour
  1866 | D:3      | Reached XP level 5. HP: 47/47 MP: 4/4
  2240 | D:3      | Reached skill level 3 in Maces & Flails
  2240 | D:3      | Reached skill level 1 in Dodging
  2276 | D:3      | Found a shadowy altar of Dithmenos.
  2832 | D:4      | Reached XP level 6. HP: 53/53 MP: 5/5
  4039 | D:5      | Entered Level 5 of the Dungeon
  4635 | D:5      | Reached skill level 4 in Maces & Flails
  4701 | D:5      | Reached skill level 5 in Fighting
  4856 | D:5      | Found a shimmering blue altar of Sif Muna.
  4936 | D:6      | Noticed an ice beast
  4939 | D:6      | Killed an ice beast
  4940 | D:6      | Reached XP level 7. HP: 61/61 MP: 6/6
  4990 | D:6      | Reached skill level 5 in Maces & Flails
  4996 | D:6      | Found Fefaocwy's Sacrilege Store.
  5106 | D:6      | Found a sand-covered staircase.
  5117 | Ossuary  | Entered an ossuary
  5561 | Ossuary  | Reached skill level 6 in Maces & Flails
  5686 | Ossuary  | Reached XP level 8. HP: 70/70 MP: 7/7
  5836 | D:6      | Reached skill level 7 in Maces & Flails
  6476 | D:6      | Noticed Sigmund
  6483 | D:6      | Killed Sigmund
  6484 | D:6      | Reached skill level 8 in Maces & Flails
  6484 | D:6      | Reached skill level 5 in Shields
  6813 | D:7      | Reached skill level 9 in Maces & Flails
  6980 | D:7      | Found a staircase to the Ecumenical Temple.
  6993 | Temple   | Entered the Ecumenical Temple
  7001 | Temple   | Became a worshipper of Trog the Wrathful
  7163 | D:7      | You fall into a shaft and drop 2 floors!
  7163 | D:9      | Found a staircase to the Orcish Mines.
  7179 | D:8      | Found a sparkling altar of Nemelex Xobeh.
  7186 | D:8      | Reached XP level 9. HP: 37/78 MP: 8/8
  7192 | D:8      | HP: 3/78 [killer bee (6)]
  7192 | D:8      | Succumbed to a killer bee's poison

Illustrated notes

Levels and vault maps discovered:
D:1:      minmay_arrival_stair_chambers, layout_rooms,
          ebering_ecumenical_altar_petrified
D:2:      layout_basic, minmay_misc_feat_tiny, chequers_serial_rivers_micro_e,
          uniq_crazy_yiuf_cottage, uniq_terence
D:3:      minmay_evil_eye, layout_loops_ring, grunt_dithmenos_smoke_and_mirrors
D:4:      layout_layer_cave
D:5:      layout_layer_cave, mainiacjoe_overflow_alcove_1
D:6:      layout_loops_ring, nicolae_ossuary_entry_ruins, nicolae_evil_shop,
          uniq_sigmund
D:7:      layout_basic, nicolae_overflow_hidden_temple,
          minmay_temple_entry_proselytizer, kennysheep_small_square
D:8:      layout_rooms, mainiacjoe_overflow_paths, jiyva_altar_1
D:9:      minmay_the_grid_triangle_9x9_rhombus_thin
          [minmay_the_grid_triangle_9x9_alien,
          minmay_the_grid_triangle_9x9_prize_top_heavy,
          minmay_the_grid_triangle_9x9_fully_insulated_deathbox,
          minmay_the_grid_triangle_9x9_corrupted_corridor],
          layout_irregular_city, fedhas_altar_fruit_tree, serial_shops, shop,
          nicolae_shop_bloodbath_and_beyond, uniq_erolcha, uniq_maggie
Temple:   sentei_temple_godly_chess

Skill      XL: |  1  2  3  4  5  6  7  8 |
---------------+-------------------------+-----
Shields        | 4 5 |  5.1
Armour         | 4 5 6 8 |  8.4
Fighting       | 4 5 6 |  6.8
Long Blades    | 3 |  3.2
Maces & Flails | 2 3 4 6 9 |  9.1
Dodging        | 1 2 |  2.0
Stealth        | |  0.2

Action                   |  1- 3 |  4- 6 |  7- 9 || total
-------------------------+-------+-------+-------++-------
Melee: Long sword        |    54 |       |       ||    54
       Headbutt          |     4 |    12 |    22 ||    38
       Flail             |    10 |   129 |   162 ||   301
  Use: Potion            |     1 |       |     1 ||     2
       Scroll            |       |     6 |     9 ||    15
Armor: Scale mail        |    49 |       |       ||    49
       Chain mail        |     9 |    53 |    54 ||   116
Dodge: Dodged            |    34 |    59 |    62 ||   155
Block: Buckler           |    21 |    32 |    39 ||    92
